AoeStats
← Kaiser Ze

Nomad

509342664Analyzed
3v3 RM · 5d ago on Sep 26, 2026· 41m 58s· 6 players
Game mode
Random Map
Map size
210×210
Population
200
Speed
Normal
Resources
Standard
Victory
Conquest
Starting age
Dark Age
Ending age
Imperial Age
RankedLock teamsTeams togetherTeam positionsShared explorationLock speedFull tech treeHidden civsTurbo modeCheats
Victory
Defeat
🇨🇳 Franks · China
1462
+16
🇨🇳 Varangians · China
1415
+18
🇨🇳 Magyars · China
1402
+18
🇩🇪 Danes · Germany
1494
-19
🇨🇿 Maya · Czechia
1492
-19
🇨🇳 Spanish · China
1375
-14
Kaiser Ze
3:13 Loom
13:58 Feudal Age
18:54 Castle Age
17:52 Fletching
18:07 Gold Mining
18:03 Double-Bit Axe
19:13 Fishing Lines
20:02 Bodkin Arrow
22:37 Gillnets
24:22 Bow Saw
26:42 Horse Collar
28:47 Wheelbarrow
28:57 Stone Mining
29:11 Heavy Plow
29:26 Town Watch
33:29 Imperial Age
31:14 Hand Cart
31:48 Hand Cart
31:57 Scale Barding Armor
32:02 Forging
33:08 Forging
33:18 Chain Barding Armor
33:01 Vendel Legacy
34:21 Bloodlines
34:11 Husbandry
34:12 Cavalier
36:04 Chain Barding Armor
36:19 Iron Casting
36:40 Light Cavalry
39:08 Blast Furnace
39:15 Plate Barding Armor
38:27 Hussar
st9901544
5:43 Loom
13:21 Feudal Age
17:12 Scale Barding Armor
21:14 Castle Age
20:06 Bloodlines
19:50 Fletching
19:55 Double-Bit Axe
20:28 Padded Archer Armor
21:26 Gold Mining
25:01 Thumb Ring
34:19 Horse Collar
乌合之众
4:50 Loom
13:09 Feudal Age
21:46 Castle Age
21:54 Double-Bit Axe
22:02 Stone Mining
Amigo
5:29 Loom
13:03 Feudal Age
13:37 Double-Bit Axe
20:12 Castle Age
22:32 Town Watch
23:23 Wheelbarrow
23:09 Horse Collar
28:19 Squires
29:29 Wheelbarrow
29:07 Heavy Plow
30:19 Scale Mail Armor
30:45 Forging
31:53 Chain Mail Armor
37:02 Hand Cart
36:58 Town Patrol
36:45 Gambesons
37:15 Arson
37:36 Pikeman
40:03 Iron Casting
39:28 Gold Mining
WCID
15:13 Feudal Age
15:29 Loom
16:33 Town Watch
19:37 Castle Age
17:33 Double-Bit Axe
17:52 Stone Mining
17:50 Horse Collar
19:01 Scale Mail Armor
21:53 Pikeman
fall
4:35 Loom
13:57 Feudal Age
14:36 Double-Bit Axe
17:38 Fletching
19:41 Town Watch
23:44 Castle Age
24:01 Horse Collar
25:24 Medium Warships
25:39 Bow Saw
27:57 Bodkin Arrow
29:27 Wheelbarrow
29:44 Padded Archer Armor
33:32 Leather Archer Armor
34:23 Ballistics
34:50 Thumb Ring
36:44 Heavy Plow
40:15 Crossbowman
Connection lost

Rejoining the realm…

Still unreachable

The connection could not be restored.

Session expired

The server has moved on; the page needs a fresh start.